 Dungeon Crawl Stone Soup version 0.28-a0-1518-gbe868bca14 (webtiles) character file.

Game seed: 10365218671901921024

2874 esteth the Cleaver (level 9, -3/83 HPs)
             Began as a Hill Orc Fighter on Jan 16, 2022.
             Was a High Priest of Hepliaklqana.
             Slain by Maggie (10 damage)
             ... on level 7 of the Dungeon.
             The game lasted 00:14:01 (6448 turns).

esteth the Cleaver (Hill Orc Fighter)               Turns: 6448, Time: 00:14:01

Health: -3/83      AC:  6    Str: 19    XL:     9   Next: 76%
Magic:  10/12      EV:  9    Int: 18    God:    Hepliaklqana [*****.]
Gold:   321        SH:  5    Dex: 13    Spells: 1/8 levels left

rFire   . . .      SeeInvis .   a - +0 war axe
rCold   + + .      Faith    .   c - +0 buckler
rNeg    . . .      Spirit   .   b - +0 scale mail
rPois   .          Reflect  .   o - +0 hat
rElec   .          Harm     .   (no cloak)
rCorr   +          Rampage  .   (no gloves)
Will    .....                   (no boots)
Stlth   ..........              w - amulet "Coryif" {rC++ Regen+ Dex+3}
HPRegen 1.03/turn               j - ring of resist corrosion
MPRegen 0.13/turn               q - +6 ring of intelligence

@: about to teleport, mesmerised, unable to read
A: reduced essence, deterioration 1, robust 1, inability to read while
threatened
a: Renounce Religion, Recall Ancestor, Ancestor Identity, Transference, Idealise


You were on level 7 of the Dungeon.
You worshipped Hepliaklqana.
Hepliaklqana was extremely pleased with you.
You visited 1 branch of the dungeon, and saw 7 of its levels.

You collected 321 gold pieces.

Inventory:

Hand Weapons
 a - a +0 war axe (weapon)
 g - a +0 dagger of pain
Missiles
 s - 2 throwing nets (quivered)
Armour
 b - a +0 scale mail (worn)
 c - a +0 buckler (worn)
 o - a +0 hat (worn)
Magical Staves
 e - a staff of poison
Jewellery
 j - a ring of resist corrosion (left hand)
 l - an amulet of faith
 q - a +6 ring of intelligence (right hand)
 w - the amulet "Coryif" (around neck) {rC++ Regen+ Dex+3}
   (You found it on level 7 of the Dungeon)

   [amulet of regeneration]

   Dex:       It affects your dexterity (+3).
   rC:        It greatly protects you from cold.
   Regen:     It increases your rate of health regeneration.
 C - a ring of wizardry
Wands
 B - a wand of charming (9)
 F - a wand of acid (7)
Scrolls
 m - a scroll of vulnerability {unknown}
 n - a scroll of identify
 p - a scroll of fog {unknown}
 r - a scroll of teleportation
 t - a scroll of enchant armour {unknown}
 u - 2 scrolls of blinking {unknown}
 v - a scroll of magic mapping {unknown}
 y - a scroll of immolation {unknown}
 A - 2 scrolls of enchant weapon {unknown}
 G - a scroll of noise {unknown}
Potions
 d - a potion of might
 f - 2 potions of flight
 i - a potion of lignification
 k - a potion of ambrosia {unknown}
 x - a potion of berserk rage {unknown}
 z - a potion of attraction {unknown}
 E - a potion of haste {unknown}


   Skills:
 - Level 9.2 Fighting
 + Level 11.5 Axes
 - Level 3.2 Armour
 - Level 5.0 Shields
 + Level 4.8 Conjurations
 - Level 4.0 Invocations


You had one spell level left.
You knew the following spells:

 Your Spells              Type           Power      Damage    Failure   Level
a - Orb of Destruction    Conj           8%         9d6       100%        7

Your spell library contained the following spells:

 Spells                   Type           Power      Damage    Failure   Level
 Static Discharge         Conj/Air       8%         N/A       43%         2
 Gell's Gravitas          Tloc           0%         N/A       94%         3
 Lesser Beckoning         Tloc           0%         N/A       94%         3
 Summon Guardian Golem    Hex/Summ       0%         N/A       94%         3
 Teleport Other           Tloc           0%         N/A       94%         3
 Sticky Flame             Conj/Fire      8%         2d3       97%         4
 Airstrike                Air            0%         N/A       100%        4
 Dispel Undead            Necr           0%         3d6       100%        4
 Summon Lightning Spire   Summ/Air       0%         N/A       100%        4
 Lightning Bolt           Conj/Air       4%         1d15      100%        5
 Spellforged Servitor     Conj/Summ      4%         N/A       100%        7


Dungeon Overview and Level Annotations

Branches:
Dungeon (7/15)
 Temple: D:4-7

Altars:
Gozag
Hepliaklqana
Vehumet

Shops:
D:2 ([*

Annotations:
D:7 Maggie


Innate Abilities, Weirdness & Mutations

Your life essence is reduced to manifest your ancestor. (-10% HP)
Your body sometimes deteriorates upon taking damage.
You are robust. (+10% HP)
You sometimes lose the ability to read scrolls when taking damage.


Message History

You barely miss Maggie.
Maggie casts a spell.
Maggie attempts to bespell you! You resist with some effort.
You closely miss Maggie. Maggie hits you with a +0 glaive!
You completely miss Maggie.
Maggie gestures wildly while chanting.
Maggie attempts to bespell you!
You are mesmerised by Maggie!
You cannot move away from Maggie!
Select a target.
Press: ? - help, Dir - move target, f - Maggie
Aim: Maggie, wielding a +0 glaive and wearing +0 acid dragon scales (mesmerising, ally target)
The floor.
Maggie swaps with Ingwe!
Maggie hits you with a +0 glaive!
You cannot move away from Maggie!
You hit Maggie but do no damage. You slash Maggie!
Maggie is lightly wounded.
Maggie barely misses you.
You hit Maggie.
Maggie is moderately wounded.
Maggie hits you with a +0 glaive!
* * * LOW HITPOINT WARNING * * *
Really quaff the potion of lignification?
Okay, then.
As you read the scroll labelled NEIGOMNEAH, it crumbles to dust.
It is a scroll of identify.
r - 2 scrolls of teleportation Maggie hits you with a +0 glaive.
* * * LOW HITPOINT WARNING * * *
As you read the scroll of teleportation, it crumbles to dust.
You feel strangely unstable. Maggie hits you with a +0 glaive!
* * * LOW HITPOINT WARNING * * *
Okay, then.
It was a potion of mutation.
You feel extremely strange.
You lose the ability to read scrolls when threatened.
You feel yourself wasting away.
You feel robust. Maggie hits you with a +0 glaive!
You feel threatened and lose the ability to read scrolls!
You die...

#.# #..##.# #####.# #..##.#
#.....# #..##.# ####### #####
#.##### #..##.# ......# #...# #.#
#..##.# ...(..# ####...####.#
#...#.# ......# #.....รท.....#
#.#)).. ......###.##...########
#.#.).. ...............@@R....#
###.#....
......###'###########.###........
###........# #..##....<... #
#........####### ##.##........ #
#........##....# ###R####...... #
#........##....# #..55..###....
###........##....# #.#.##R# #....
.....|.....##....# #.#..#.# #....
.##........##....###.##.#R#######


You could see the friendly Ingwe the knight and Maggie (mesmerising, ally
target).

Vanquished Creatures
  Grum (D:6)
  A sky beast (D:5)
  An ice beast (D:4)
  An ogre (D:5)
  A wolf (D:6)
  A centaur (D:7)
  3 bullfrogs
  A wyvern skeleton (D:4)
  The ghost of p0werm0de the Chopper, a weakling MiCK of Xom (D:4)
  2 killer bees (D:7)
  An orc priest (D:7)
  5 hounds
  A jelly (D:6)
  A centaur skeleton (D:4)
  2 iguanas (D:5)
  7 gnolls
  A howler monkey skeleton (D:4)
  A shadow imp (D:6)
  3 dart slugs
  2 orcs (D:5)
  A ball python (D:4)
  3 bats
  2 endoplasms (D:1)
  2 giant cockroaches
  12 goblins
  A hobgoblin (D:2)
  4 jackals
  3 quokkas
  A frilled lizard (D:2)
  5 kobolds
  2 rats
73 creatures vanquished.

Vanquished Creatures (collateral kills)
  Pikel (D:7)
  Menkaure (D:5)
  An ogre (D:6)
  2 scorpions (D:6)
  3 gnoll sergeants (D:6)
  A wyvern skeleton (D:4)
  2 killer bees (D:7)
  6 hounds
  A gnoll shaman (D:6)
  2 iguanas
  An orc wizard (D:7)
  7 gnolls
  3 adders
  An adder skeleton (D:3)
  2 worms
  7 orcs
  5 goblins
  2 hobgoblins (D:2)
  A jackal (D:2)
  2 quokkas
  3 ball pythons
  A kobold (D:2)
  A rat (D:1)
56 creatures vanquished.

Grand Total: 129 creatures vanquished

Notes
Turn   | Place    | Note
-------+----------+-------------------------------------------
     0 | D:1      | esteth the Hill Orc Fighter began the quest for the Orb.
     0 | D:1      | Reached XP level 1. HP: 19/19 MP: 1/1
   202 | D:1      | Found a faded altar of an unknown god.
   213 | D:1      | Reached skill level 3 in Axes
   262 | D:1      | Prayed at the altar of an unknown god.
   262 | D:1      | Became a worshipper of Hepliaklqana the Forgotten
   262 | D:1      | Reached * piety under Hepliaklqana
   316 | D:1      | Reached XP level 2. HP: 24/24 MP: 2/2
  1002 | D:2      | Found Fychiupt's Antique Weapon Shop.
  1036 | D:2      | Reached XP level 3. HP: 30/30 MP: 3/3
  1059 | D:2      | Reached ** piety under Hepliaklqana
  1060 | D:2      | Remembered your ancestor Ingwe as a knight
  1218 | D:2      | Reached skill level 4 in Axes
  1415 | D:2      | Found Quw Wagoimo's Antique Armour Boutique.
  1447 | D:2      | Found Miure's General Store.
  1499 | D:2      | Reached XP level 4. HP: 22/36 MP: 4/4
  2195 | D:3      | Reached skill level 5 in Fighting
  2566 | D:3      | Found a radiant altar of Vehumet.
  2957 | D:4      | Reached XP level 5. HP: 14/43 MP: 5/5
  3222 | D:4      | Reached *** piety under Hepliaklqana
  3262 | D:4      | Reached skill level 5 in Axes
  3424 | D:4      | Found a runed translucent gate.
  3424 | D:4      | Found a runed translucent gate.
  3424 | D:4      | Found a runed translucent gate.
  3432 | D:4      | Noticed p0werm0de's ghost (weakling MiCK)
  3470 | D:4      | Reached XP level 6. HP: 22/51 MP: 6/6
  3470 | D:4      | Killed p0werm0de's ghost
  3824 | D:4      | Reached skill level 6 in Axes
  3934 | D:4      | Noticed an ice beast
  3946 | D:4      | Killed an ice beast
  3947 | D:4      | Reached XP level 7. HP: 49/57 MP: 7/7
  4212 | D:5      | Entered Level 5 of the Dungeon
  4224 | D:5      | Reached skill level 5 in Shields
  4276 | D:5      | Reached **** piety under Hepliaklqana
  4288 | D:5      | Reached skill level 7 in Axes
  4306 | D:5      | Noticed Menkaure
  4310 | D:5      | Killed Menkaure
  4311 | D:5      | Reached skill level 1 in Invocations
  4523 | D:5      | Found an opulent altar of Gozag.
  4747 | D:6      | Reached XP level 8. HP: 50/65 MP: 8/10
  4950 | D:6      | Reached skill level 8 in Axes
  5281 | D:6      | Reached skill level 9 in Axes
  5548 | D:6      | Identified the +0 robe of the Heavens {-Cast Str+6 Dex+2}
  5723 | D:6      | Learned a level 7 spell: Orb of Destruction
  5741 | D:6      | Reached XP level 9. HP: 74/74 MP: 12/12
  5800 | D:6      | Reached skill level 1 in Conjurations
  5826 | D:6      | Reached skill level 10 in Axes
  5858 | D:6      | Noticed Grum
  5865 | D:6      | Killed Grum
  6116 | D:7      | Reached ***** piety under Hepliaklqana
  6339 | D:7      | Identified the amulet "Coryif" {rC++ Regen+ Dex+3}
  6395 | D:7      | Noticed Pikel
  6398 | D:7      | Noticed Maggie
  6427 | D:7      | Killed Pikel
  6428 | D:7      | Reached skill level 11 in Axes
  6448 | D:7      | Gained mutation: You sometimes lose the ability to read
                  | scrolls when taking damage. [potion of mutation]
  6448 | D:7      | Gained mutation: Your body sometimes deteriorates upon
                  | taking damage. [potion of mutation]
  6448 | D:7      | Gained mutation: You are robust. (+10% HP) [potion of
                  | mutation]
  6448 | D:7      | Slain by Maggie

Illustrated notes

Levels and vault maps discovered:
D:1:      evilmike_arrival_crescent, layout_loops_cross,
          ebering_ecumenical_altar_abandoned
D:2:      kennysheep_the_goblin_king, layout_basic, serial_shops,
          nicolae_shop_stone, shop, shop, roderic_roman_lattice,
          minmay_misc_feat_more_columns, chequers_serial_rivers_micro_e
D:3:      layout_basic, mainiacjoe_overflow_alcove_2, kennysheep_nondescript
D:4:      layout_cave_pods, gammafunk_ghost_necromancy
D:5:      layout_rooms, mainiacjoe_overflow_six_doors_small, uniq_menkaure
D:6:      layout_cave_pools, serial_gnoll_camp, gnoll_camp_huts_basic,
          gnoll_camp_mini_basic, gnoll_camp_mini_loothouse, grums_kennel,
          grunt_ministairs_5, minmay_pentangle
D:7:      layout_basic, nicolae_overflow_squiral,
          minmay_temple_entry_proselytizer, uniq_maggie, uniq_pikel

Skill      XL: |  1  2  3  4  5  6  7  8  9 |
---------------+----------------------------+-----
Axes           | 3 4 5 6 7 9 11 | 11.5
Fighting       | 4 5 6 7 9 |  9.2
Shields        | 4 5 |  5.0
Invocations    | 2 4 |  4.0
Conjurations   | 4 |  4.8
Armour         | |  3.2

Action                   |  1- 3 |  4- 6 |  7- 9 || total
-------------------------+-------+-------+-------++-------
Melee: War axe           |    71 |    62 |   159 ||   292
Invok: Ancestor Identity |     2 |       |       ||     2
       Ancestor Life: Kn |     1 |       |       ||     1
       Recall Ancestor   |       |       |     1 ||     1
       Transference      |       |       |     1 ||     1
  Use: Potion            |       |       |     5 ||     5
       Scroll            |       |       |     2 ||     2
 Stab: Distracted        |     1 |       |       ||     1
Armor: Scale mail        |    40 |    34 |    57 ||   131
       Skin              |       |       |    15 ||    15
Dodge: Dodged            |    39 |    27 |    91 ||   157
Block: Buckler           |    25 |    27 |    51 ||   103

Table legend: (Time is in decaauts)
 A = Elapsed time spent in this place.
 B = Non-inter-level travel time spent in this place.
 C = Inter-level travel time spent in this place.
 D = Time resting spent in this place.
 E = Time spent auto-exploring this place.
 F = Levels seen in this place.
 G = Mean time per level.
                   A        B        C        D        E       F      G
               +--------+--------+--------+--------+--------+-----+--------+
         Total |   6503 |   6362 |    141 |   1661 |   3809 |   7 |  929.0 |
       Dungeon |   6503 |   6362 |    141 |   1661 |   3809 |   7 |  929.0 |
               +--------+--------+--------+--------+--------+-----+--------+

Top non-repeatable levels by time:
     D:6: 1379 daAuts
     D:4: 1273 daAuts
     D:2: 1077 daAuts
     D:1: 1002 daAuts
     D:3: 902 daAuts
     D:5: 536 daAuts
     D:7: 331 daAuts
